AoeStats
← Alan

MegaRandom

510375622Analyzed
2v2 RM · 2d ago on Sep 30, 2026· 35m 17s· 4 players
Game mode
Random Map
Map size
Medium (4 player)
Population
200
Speed
Normal
Resources
Standard
Victory
Conquest
Starting age
Dark Age
Ending age
Imperial Age
RankedLock teamsTeams togetherTeam positionsShared explorationLock speedFull tech treeHidden civsTurbo modeCheats
Victory
Defeat
1063
+17
🇨🇱 Spanish · Chile
1040
+17
🇬🇧 Turks · United Kingdom
1078
-17
🇩🇪 Poles · Germany
1074
-17
Serier
3:07 Loom
12:48 Feudal Age
13:26 Double-Bit Axe
20:40 Castle Age
19:27 Forging
20:10 Scale Barding Armor
21:09 Pikeman
22:27 Gold Mining
23:59 Bloodlines
33:59 Imperial Age
31:39 Padded Archer Armor
33:39 Bow Saw
34:22 Scale Mail Armor
[LHS] nw.inkakkola
6:58 Loom
9:59 Feudal Age
11:04 Double-Bit Axe
18:53 Castle Age
18:32 Bloodlines
19:08 Scale Barding Armor
25:00 Wheelbarrow
25:28 Town Watch
27:25 Chain Barding Armor
27:02 Horse Collar
28:28 Forging
29:06 Bow Saw
32:32 Gold Mining
32:55 Husbandry
34:15 Iron Casting
Alan
3:26 Loom
10:32 Feudal Age
15:38 Scale Barding Armor
17:26 Forging
18:15 Double-Bit Axe
19:57 Wheelbarrow
22:33 Castle Age
20:38 Fletching
21:53 Bloodlines
24:46 Husbandry
26:21 Horse Collar
27:29 Town Watch
28:42 Bow Saw
Salsa
9:16 Loom
10:47 Loom
14:05 Feudal Age
20:25 Castle Age
19:37 Fletching
20:12 Horse Collar
23:34 Husbandry
23:40 Scale Barding Armor
27:29 Szlachta Privileges
27:39 Bloodlines
28:36 Forging
29:43 Bodkin Arrow
30:54 Padded Archer Armor
Connection lost

Rejoining the realm…

Still unreachable

The connection could not be restored.

Session expired

The server has moved on; the page needs a fresh start.